Map: Altitude LE

Players

ShaDoWn - Winner!

  • Race: Protoss Protoss
  • Spawn Location: 1:00

DnS

  • Race: Protoss Protoss
  • Spawn Location: 7:00

Event: ESL SC2 Masters 2023 Summer (Finals)

VOD

Have the link to the VOD?

Description

Time

  • Played on: June 16, 2023, 7:28 a.m.
  • Length: 13:07

All games in this series

Show
View Real Time Build Order
Export as new Build Order

ShaDoWn Protoss - Winner!

Build Orders: Oracle Opening, Phoenix Opening 

Get SALT Encoding   

  12  0:00  Probe  
  13  0:12  Probe  
  14  0:17  Pylon  
  14  0:24  Probe  
  15  0:35  Gateway  
  15  0:38  Probe (Chrono Boost)  
  16  0:47  Probe (Chrono Boost), Assimilator  
  17  0:52  Probe (Chrono Boost)  
  18  1:04  Probe (Chrono Boost)  
  18  1:05  Assimilator  
  19  1:12  Gateway  
  19  1:13  Probe (Chrono Boost)  
  20  1:18  Probe  
  21  1:26  Cybernetics Core  
  21  1:30  Probe  
  22  1:37  Pylon  
  22  1:42  Probe  
  23  1:55  Probe  
  24  2:02  Adept, Warp Gate  
  24  2:07  Probe  
  29  2:13  Stargate  
  27  2:18  Stalker  
  29  2:30  Pylon  
  29  2:53  Nexus  
  29  2:56  Shield Battery  
  29  3:04  Phoenix (Chrono Boost)  
  31  3:09  Probe  
  30  3:20  Oracle (Chrono Boost)  
  30  3:21  Probe  
  34  3:36  Twilight Council  
  34  3:38  Probe  
  35  3:47  Pylon  
  35  3:50  Probe  
  35  3:52  Stalker  
  38  4:02  Probe  
  39  4:05  Probe  
  39  4:07  Stalker  
  39  4:09  Blink (Chrono Boost)  
  42  4:15  Probe  
  43  4:19  Probe  
  44  4:27  Probe  
  44  4:28  Stalker  
  47  4:31  Probe  
  47  4:37  Stalker  
  50  4:39  Probe  
  50  4:43  Gateway  
  50  4:45  Probe  
  52  4:51  Probe  
  53  4:56  Stalker  
  53  4:57  Probe  
  56  5:03  Probe  
  57  5:10  Nexus  
  57  5:14  Stalker  
  57  5:16  Probe  
  57  5:20  Stalker  
  62  5:22  Pylon  
  62  5:26  Shield Battery  
  62  5:41  Stalker x2  
  68  5:44  Pylon, Stalker  
  68  5:47  Robotics Facility  
  68  5:49  Probe  
  69  5:50  Probe  
  69  5:54  Assimilator  
  70  6:02  Probe x2  
  72  6:05  Stalker  
  72  6:07  Pylon  
  72  6:09  Stalker  
  72  6:10  Stalker  
  78  6:21  Probe, Pylon  
  78  6:24  Probe  
  78  6:25  Probe  
  73  6:33  Probe  
  73  6:36  Probe  
  73  6:37  Probe, Stalker  
  73  6:39  Stalker  
  76  6:46  Probe  
  77  6:47  Stalker  
  77  6:48  Probe  
  77  6:49  Probe  
  81  6:58  Probe  
  81  7:00  Probe  
  78  7:01  Probe  
  78  7:05  Stalker  
  78  7:06  Stalker  
  78  7:10  Probe  
  78  7:12  Probe  
  78  7:13  Probe  
  78  7:15  Shield Battery  
  79  7:16  Pylon  
  79  7:22  Probe (Chrono Boost)  
  80  7:25  Probe x2 (Chrono Boost), Stalker  
  80  7:29  Stalker x2  
  85  7:34  Forge  
  87  7:39  Probe (Chrono Boost)  
  87  7:40  Probe (Chrono Boost)  
  87  7:42  Probe (Chrono Boost)  
  87  7:43  Assimilator  
  88  7:44  Probe (Chrono Boost)  
  88  7:47  Probe (Chrono Boost)  
  88  7:48  Stalker  
  93  7:55  Gateway  
  93  7:58  Gateway  
  92  7:59  Gateway, Stalker  
  92  8:00  Stalker  
  89  8:27  Stalker  
  89  8:30  Probe, Gateway  
  89  8:33  Pylon  
  90  8:54  Pylon  
  90  8:58  Pylon  
  90  9:03  Pylon  
  88  9:11  Assimilator  
  88  9:12  Probe x2, Pylon  
  88  9:15  Pylon  
  90  9:17  Pylon, Immortal (Chrono Boost)  
  90  9:19  Pylon  
  90  9:22  Pylon  
  90  9:23  Nexus  
  90  9:37  Stalker x5  
  82  9:53  Immortal (Chrono Boost), Protoss Ground Weapons Level 1 (Chrono Boost)  
  82  9:55  Probe x2  
  88  10:04  Stalker  
  88  10:05  Stalker  
  92  10:07  Probe  
  92  10:13  Sentry  
  92  10:14  Probe  
  95  10:17  Probe  
  95  10:18  Observer  
  97  10:22  Probe  
  97  10:25  Probe  
  97  10:26  Stalker x2  
  103  10:33  Pylon  
  103  10:35  Probe  
  104  10:37  Probe, Stalker  
  104  10:41  Observer  
  109  10:48  Stalker  
  109  10:49  Stalker  
  113  10:50  Probe  
  114  11:02  Probe  
  114  11:03  Probe  
  114  11:04  Pylon  
  116  11:08  Stalker x3  
  120  11:14  Stalker x2  
  120  11:16  Probe  
  125  11:34  Nexus  
  125  11:44  Stalker x5  
  125  11:45  Probe  
  124  11:52  Pylon  
  124  11:53  Probe  
  125  11:55  Probe  
  126  12:02  Probe  
  126  12:13  Stalker x5  
  136  12:16  Probe  
  135  12:24  Probe  
  135  12:26  Gateway  
  135  12:27  Gateway  
  130  12:38  Stalker x5  
  132  12:55  Probe  
  117  13:03  Stalker x2  
  117  13:04  Stalker x3  
Show
View Real Time Build Order
Export as new Build Order

DnS Protoss 

Build Orders: Oracle Opening 

Get SALT Encoding   

  12  0:00  Probe  
  13  0:12  Probe  
  14  0:18  Pylon  
  14  0:24  Probe (Chrono Boost)  
  15  0:37  Probe (Chrono Boost), Gateway  
  16  0:44  Probe (Chrono Boost)  
  16  0:46  Assimilator  
  17  0:51  Probe  
  17  0:55  Assimilator  
  18  1:03  Probe (Chrono Boost)  
  19  1:08  Gateway  
  19  1:13  Probe (Chrono Boost)  
  20  1:19  Probe  
  20  1:25  Cybernetics Core  
  21  1:31  Probe  
  22  1:40  Pylon  
  22  1:43  Probe  
  24  2:02  Stargate  
  24  2:04  Stalker  
  25  2:11  Stalker  
  27  2:16  Warp Gate  
  27  2:24  Pylon  
  27  2:26  Probe  
  28  2:44  Oracle (Chrono Boost)  
  31  3:01  Probe  
  32  3:05  Shield Battery  
  35  3:21  Nexus  
  35  3:24  Pylon  
  35  3:36  Probe  
  35  3:37  Twilight Council  
  33  3:43  Shield Battery  
  33  3:48  Probe  
  34  4:00  Probe  
  35  4:05  Stalker x2  
  35  4:09  Blink (Chrono Boost), Gateway  
  39  4:20  Probe  
  39  4:34  Phoenix  
  39  4:36  Stalker  
  44  4:40  Probe (Chrono Boost)  
  44  4:41  Probe (Chrono Boost)  
  45  4:52  Probe (Chrono Boost)  
  47  4:53  Stalker  
  47  4:54  Probe (Chrono Boost)  
  47  4:57  Probe (Chrono Boost)  
  50  5:02  Probe  
  50  5:06  Stalker  
  53  5:07  Probe  
  53  5:10  Stalker  
  56  5:15  Probe  
  57  5:24  Probe  
  57  5:27  Probe  
  59  5:33  Pylon, Stalker  
  59  5:34  Pylon  
  61  5:36  Probe  
  61  5:40  Shield Battery  
  62  5:51  Probe x2  
  62  5:52  Gateway  
  62  5:56  Stalker  
  62  5:57  Stalker x2  
  70  6:05  Probe x2  
  70  6:07  Pylon  
  72  6:21  Stalker x3  
  70  6:38  Nexus  
  58  6:44  Probe x2  
  58  6:46  Stalker x3  
  62  6:50  Stalker  
  61  6:56  Probe  
  61  6:59  Probe  
  63  7:05  Shield Battery  
  63  7:08  Probe  
  64  7:13  Stalker x4  
  70  7:19  Probe  
  70  7:22  Probe  
  72  7:31  Probe  
  72  7:33  Assimilator  
  72  7:34  Probe  
  74  7:38  Stalker x3  
  74  7:43  Probe (Chrono Boost)  
  81  7:45  Stalker  
  81  7:46  Probe (Chrono Boost)  
  81  7:50  Probe (Chrono Boost)  
  85  7:55  Probe (Chrono Boost)  
  85  7:56  Forge  
  85  7:58  Probe (Chrono Boost)  
  86  8:00  Probe (Chrono Boost)  
  86  8:01  Shield Battery  
  86  8:03  Pylon  
  86  8:10  Stalker  
  86  8:11  Stalker x2  
  89  8:18  Stalker  
  84  8:23  Probe  
  73  8:29  Pylon  
  71  8:45  Stalker x3  
  77  8:55  Stalker  
  79  9:07  Probe  
  79  9:09  Probe x2  
  82  9:12  Stalker  
  84  9:19  Probe, Zealot x2, Stalker  
  84  9:21  Probe  
  84  9:22  Probe  
  81  9:46  Stalker x4  
  81  9:48  Probe  
  81  9:50  Probe  
  90  9:53  Probe  
  90  9:56  Pylon  
  91  10:02  Robotics Facility  
  91  10:03  Probe  
  91  10:04  Probe  
  93  10:08  Shield Battery  
  93  10:12  Probe  
  94  10:15  Probe  
  94  10:20  Stalker x2  
  99  10:24  Stalker  
  99  10:28  Stalker  
  103  10:30  Probe  
  103  10:34  Probe x2  
  106  10:42  Probe  
  107  10:46  Pylon  
  107  10:47  Forge  
  107  10:48  Adept  
  107  10:49  Adept  
  111  10:53  Observer (Chrono Boost)  
  111  10:54  Probe x3  
  113  11:06  Probe  
  113  11:09  Stalker  
  113  11:10  Stalker x2  
  108  11:20  Probe  
  108  11:21  Probe x2  
  108  11:25  Immortal (Chrono Boost)  
  107  11:26  Charge (Chrono Boost), Stalker  
  113  11:44  Zealot, Stalker x2  
  103  11:51  Nexus  
  101  11:54  Stalker  
  101  11:59  Pylon  
  103  12:07  Stalker x2  
  103  12:08  Stalker  
  99  12:17  Gateway  
  99  12:18  Probe x3  
  99  12:20  Gateway  
  98  12:30  Adept  
  98  12:31  Adept  
  98  12:32  Immortal (Chrono Boost)  
  98  12:36  Stalker  
  97  12:40  Stalker  
  97  12:42  Probe  
  88  12:56  Stalker  
  88  12:57  Stalker  
Tags
 
Add a new tag
Caveats
  • Supply blocks, unpowered buildings, or Contaminate may cause inaccurate times.
  • Supply counts are checked every 10 seconds.